 Dungeon Crawl Stone Soup version 0.28-a0-1629-gf728b707aa (webtiles) character file.

Game seed: 15784039177343048330

6 Ajdolov the Skirmisher (level 1, 0/21 HPs)
             Began as a Naga Monk on Jan 24, 2022.
             Slain by a dart slug (3 damage)
             ... on level 1 of the Dungeon.
             The game lasted 00:00:45 (66 turns).

Ajdolov the Skirmisher (Naga Monk)                    Turns: 66, Time: 00:00:46

Health: 0/21       AC:  1    Str: 13    XL:     1   Next: 90%
Magic:  1/2        EV: 10    Int: 10    God:
Gold:   0          SH:  0    Dex: 13    Spells: 1/1 levels left

rFire   . . .      SeeInvis +   a - +0 spear
rCold   . . .      Faith    .   (no shield)
rNeg    . . .      Spirit   .   b - +0 robe
rPois   +          Reflect  .   (no helmet)
rElec   .          Harm     .   (no cloak)
rCorr   .          Rampage  .   (no gloves)
Will    .....                   (no barding)
Stlth   ++........              (no amulet)
HPRegen 0.07/turn               (no ring)
MPRegen 0.08/turn               (no ring)

@: short of breath, very slow
A: AC +0, large, see invisible, deformed body, poison resistance, slowness 2,
spit poison 1, naga tail 1
a: Spit Poison


You were on level 1 of the Dungeon.
You visited 1 branch of the dungeon, and saw 1 of its levels.

Inventory:

Hand Weapons
 a - a +0 spear (weapon)
Armour
 b - a +0 robe (worn)


   Skills:
 + Level 3.1 Fighting
 + Level 3.1 Polearms
 - Level 2.4 Dodging
 - Level 3.0 Stealth
 * Level 0.7 Spellcasting


You had one spell level left.
You didn't know any spells.
Your spell library was empty.

Dungeon Overview and Level Annotations

Branches:
Dungeon (1/15)

Altars:


Innate Abilities, Weirdness & Mutations

Your serpentine skin is tough. (AC +0)
You have supernaturally acute eyesight. (SInv)
Armour fits poorly on your strangely shaped body.
Your system is resistant to poisons. (rPois)
You cover ground very slowly.
You can spit poison.
You have a snake-like lower body.


Message History

A ball python comes into view.
A rat and a dart slug come into view.
Found 7 gold pieces.
You reach to attack!
The helpless rat fails to defend itself.
You hit the rat.
You kill the rat!
You reach to attack!
The helpless hobgoblin fails to defend itself.
You hit the hobgoblin.
You kill the hobgoblin!
The ball python hisses angrily.
You reach to attack!
You hit the dart slug but do no damage. The dart slug launches a dart at you.
The slug dart hits you.
You reach to attack!
You barely miss the dart slug. The dart slug launches a dart at you.
The slug dart misses you. The ball python bites you.
You hit the ball python.
The ball python is moderately wounded.
The ball python bites you.
You are too injured to fight recklessly!
You are too injured to fight recklessly!
You are too injured to fight recklessly!
The ball python bites you.
You are too injured to fight recklessly!
The ball python barely misses you.
Aiming: Spit Poison (3% risk of failure)
Press: ? - help, Shift-Dir - straight line, f/p - dart slug
Aim: a dart slug (100% to hit)
The splash of poison hits the dart slug.
The dart slug is heavily wounded.
The ball python bites you.
* * * LOW HITPOINT WARNING * * *
You hit the dart slug but do no damage.
The dart slug is heavily wounded.
The ball python bites you.
* * * LOW HITPOINT WARNING * * *
The dart slug bites you.
You die...

# ## # ##. .## #.
##..# #..# #..
....###... #...#
#...#... #....
#..... #...
##._.## ####
#....S#### ####
#...#.w@#.## ##...
#...$ ##...).#
#.... ##..
##..#..# #...# ##
#..## .# #..##
#...##.# #..##
##.....# #...#
#...##########....
+...'........#'...
#...########..####


You could see a dart slug and a ball python.

Vanquished Creatures
  A ball python (D:1)
  A bat (D:1)
  An endoplasm (D:1)
  A hobgoblin (D:1)
  A rat (D:1)
5 creatures vanquished.

Notes
Turn   | Place    | Note
-------+----------+-------------------------------------------
     0 | D:1      | Ajdolov the Naga Monk began the quest for the Orb.
     0 | D:1      | Reached XP level 1. HP: 21/21 MP: 1/1
    46 | D:1      | Found a faded altar of an unknown god.
    66 | D:1      | Slain by a dart slug

Illustrated notes

Levels and vault maps discovered:
D:1:      minmay_arrival_four_loops, layout_basic,
          nicolae_ecumenical_snake_handling

Action                   || total
-------------------------++-------
Melee: Spear             ||    15
       Punch             ||     1
 Abil: Spit Poison       ||     1
 Stab: Sleeping          ||     4
Armor: Robe              ||     2
Dodge: Dodged            ||     5

Table legend: (Time is in decaauts)
 A = Elapsed time spent in this place.
 B = Non-inter-level travel time spent in this place.
 C = Inter-level travel time spent in this place.
 D = Time resting spent in this place.
 E = Time spent auto-exploring this place.
 F = Levels seen in this place.
 G = Mean time per level.
                   A        B        C        D        E       F      G
               +--------+--------+--------+--------+--------+-----+--------+
         Total |     84 |     84 |      0 |      0 |     49 |   1 |   84.0 |
       Dungeon |     84 |     84 |      0 |      0 |     49 |   1 |   84.0 |
               +--------+--------+--------+--------+--------+-----+--------+

Top non-repeatable levels by time:
     D:1: 84 daAuts
